 Dungeon Crawl Stone Soup version 0.22-a0-571-g4a923d4b9e (webtiles) character file.

174 PikkenKukken the Skirmisher (level 5, -1/42 HPs)
             Began as a Demonspawn Abyssal Knight on July 1, 2018.
             Was a Believer of Lugonu.
             Slain by Natasha (6 damage)
             ... on level 3 of the Dungeon.
             The game lasted 00:05:16 (3514 turns).

PikkenKukken the Skirmisher (DsAK)                  Turns: 3514, Time: 00:05:17

Health: -1/42      AC:  9    Str: 13    XL:     5   Next: 28%
Magic:  7/7        EV: 12    Int: 13    God:    Lugonu [**....]
Gold:   132        SH:  0    Dex: 13    Spells: 4/4 levels left

rFire    . . .     SeeInvis .   a - +1 hand axe
rCold    . . .     Gourm    .   (no shield)
rNeg     . . .     Faith    .   d - +1 leather armour {rPois}
rPois    +         Spirit   .   (no helmet)
rElec    .         Reflect  .   (no cloak)
rCorr    .         Harm     .   (no gloves)
MR       .....                  i - +2 pair of boots
Stlth    +.........             (no amulet)
HPRegen  0.14/turn              (no ring)
MPRegen  0.10/turn              (no ring)

@: no status effects
A: molten scales 1, powered by pain 1
a: Depart the Abyss, Bend Space, Renounce Religion


You were on level 3 of the Dungeon.
You worshipped Lugonu.
Lugonu was pleased with you.
You were not hungry.

You visited 1 branch of the dungeon, and saw 3 of its levels.
You visited the Abyss 1 time.

You collected 132 gold pieces.

Inventory:

Hand Weapons
 a - a +1 hand axe (weapon)
Missiles
 h - 18 bolts
Armour
 d - a +1 leather armour of poison resistance (worn)
 i - a +2 pair of boots (worn)
 l - a +0 chain mail
 o - a +1 pair of boots
Jewellery
 n - an uncursed amulet of guardian spirit {unknown}
Potions
 e - a potion of curing
 f - 3 potions of lignification
 g - a potion of flight {unknown}
 j - a potion of invisibility {unknown}
 k - a potion of haste {unknown}
 m - a potion of might {unknown}
Comestibles
 c - 5 rations


   Skills:
 + Level 3.8 Fighting
 + Level 2.8 Axes
 + Level 2.7 Armour
 + Level 2.1 Dodging
 + Level 3.7 Invocations


You had 4 spell levels left.
You didn't know any spells.
Your spell library was empty.

Dungeon Overview and Level Annotations

Branches:
Dungeon (3/15)

Altars:
Nemelex Xobeh

Annotations:
D:3 Natasha


Innate Abilities, Weirdness & Mutations

You are partially covered in molten scales. (AC +2)
You sometimes gain a little power by taking damage.


Message History

The crimson imp blinks!
Natasha misses you.
You barely miss Natasha.
Natasha is severely wounded.
You hit the iron imp but do no damage. The iron imp closely misses you.
Natasha claws you but does no damage.
You closely miss Natasha.
Natasha is severely wounded.
You hit the iron imp.
The crimson imp blinks!
Natasha barely misses you.
The iron imp laughs crazily.
The iron imp hits you.
* * * LOW HITPOINT WARNING * * *
You closely miss Natasha.
Natasha is severely wounded.
You closely miss the iron imp.
Natasha mumbles some strange words.
You feel troubled. Natasha claws you but does no damage.
The iron imp barely misses you.
The crimson imp blinks!
The iron imp barely misses you. Natasha claws you.
You die...

..........##.###.#...##.#.##.###.
..........##............#.##.#...
#############........####.##.#.#.
(.....................5.#.##.#.##
#############........##.#.##.#...
...# #.....#..........#..........
...#
#.###.#.#.#5#ยง...#..........
...# #.# #.#.#..h5###.#..........
...###.# #.#.#.#@.###.#..........
.....#.# #.#.#.#..#...#.#.#######
####.#.# #.#..<...#.###.#.# #.#.#
#.###...##.###.#.# ## #.#.#
#..........(.#.#.####### .# #.#.#
#..###..##.#.#.#........ .#
#.#.###..# ##.#..#.#.#........
.###........# #>#.##.#.#........
.##.....(.#.# #.#.##.#.#....(...


You could see an iron imp, Natasha, a crimson imp and a white imp.

Vanquished Creatures
  2 orc wizards (D:3)
  Natasha (D:3)
  2 adders (D:2)
  An ooze (D:2)
  2 worms
  3 dart slugs
  4 orcs
  A ball python (D:1)
  3 giant cockroaches (D:2)
  7 goblins
  4 hobgoblins
  A quokka (D:2)
  7 bats
  5 frilled lizards
  7 kobolds
  7 rats
57 creatures vanquished.

Notes
Turn   | Place    | Note
-------+----------+-------------------------------------------
     0 | Abyss:1  | PikkenKukken the Demonspawn Abyssal Knight began the quest for the Orb.
     0 | Abyss:1  | Reached XP level 1. HP: 18/18 MP: 2/2
    50 | Abyss:1  | Noticed a wretched star
    50 | D:1      | Escaped the Abyss
   147 | D:1      | Reached skill level 1 in Dodging
   166 | D:1      | Gained mutation: You sometimes gain a little power by taking damage. [demonic ancestry]
   166 | D:1      | Reached XP level 2. HP: 16/24 MP: 3/3
   281 | D:1      | Reached * piety under Lugonu
  1467 | D:2      | Reached XP level 3. HP: 29/29 MP: 5/5
  1535 | D:2      | Found a faded altar of an unknown god.
  2090 | D:2      | Found a sparkling altar of Nemelex Xobeh.
  2106 | D:2      | Reached XP level 4. HP: 23/35 MP: 6/6
  2579 | D:2      | Reached ** piety under Lugonu
  3017 | D:3      | Gained mutation: You are partially covered in molten scales. (AC +2) [demonic ancestry]
  3017 | D:3      | Reached XP level 5. HP: 33/42 MP: 7/7
  3126 | D:3      | Noticed Natasha
  3137 | D:3      | Killed Natasha
  3487 | D:3      | Noticed Natasha
  3514 | D:3      | Slain by Natasha

Vault maps used:
D:1:      saegor_arrival_miasma, chequers_big_river
D:2:      first_ration, chequers_ecumenical_altar_simple,
          nemelex_dance_club_becter
D:3:      minmay_quantized, uniq_natasha

Skill      XL: |  1  2  3  4  5 |
---------------+----------------+-----
Axes           | 2 |  2.8
Dodging        | 1 2 |  2.1
Armour         | 2 |  2.7
Invocations    | 3 |  3.7
Fighting       | |  3.8

Action                   |  1- 3 |  4- 6 || total
-------------------------+-------+-------++-------
Melee: Hand axe          |   152 |    90 ||   242
Invok: Depart the Abyss  |     1 |       ||     1
  Use: Scroll            |     5 |     2 ||     7
 Stab: Sleeping          |     1 |       ||     1
  Eat: Ration            |     1 |       ||     1
       Chunk             |     1 |     4 ||     5
Armor: Leather armour    |    49 |    29 ||    78
Dodge: Dodged            |   103 |    58 ||   161

Table legend:
 A = Spawn XP
 B = Non-spawn XP
 C = Spawn XP percentage of total XP
 D = Spawn monster count
 E = Non-spawn monster count
 F = Spawn count percentage of total count
 G = Total turns spent on level
                    A         B        C        D         E        F      G
               +---------+---------+-------+---------+---------+-------+---------
         Total |       0 |     249 |   0.0 |       0 |      57 |   0.0 |  3514
               +---------+---------+-------+---------+---------+-------+---------
           D:1 |       0 |      35 |   0.0 |       0 |      21 |   0.0 |  1371
           D:2 |       0 |      76 |   0.0 |       0 |      26 |   0.0 |  1279
           D:3 |       0 |     138 |   0.0 |       0 |      10 |   0.0 |   814
               +---------+---------+-------+---------+---------+-------+---------
